TOP OF THE 1ST |
Marquette Miners batting - Pitching for Lake Minnetonka Love Boats : LHP Alejandro García
|
Pitching: LHP Alejandro García
|
|
Batting: RHB Sameen Shaw
|
0-0: SINGLE (Groundball, 56D)
|
Batting: RHB Asko Riikonen
|
0-0: Ball 1-0: Foul Ball, location: 2F 1-1: Fly out, F8 (Flyball, 8RM)
|
Batting: RHB Brock Dean
|
0-0: Called Strike 0-1: Fly out, F8 (Flyball, 89D)
|
Batting: RHB Franklin Kelley
|
0-0: Ball Wild Pitch! Sameen Shaw to second 1-0: Fly out, F8 (Line Drive, 78M)
|
Top of the 1st over - 0 runs, 1 hit, 0 errors, 1 left on base; Marquette 0 - Lake Minnetonka 0 |
BOTTOM OF THE 1ST |
Lake Minnetonka Love Boats batting - Pitching for Marquette Miners : RHP Eric Alderliesten
|
Pitching: RHP Eric Alderliesten
|
|
Batting: LHB Tom Haymon
|
0-0: Ball 1-0: Ball 2-0: Foul Ball, location: 2F 2-1: Ball 3-1: Foul Ball, location: 2F 3-2: Foul Ball, location: 2F 3-2: Base on Balls
|
Batting: RHB Michael Sweeney
|
0-0: Ball 1-0: Called Strike 1-1: Grounds into double play, 6-4-3 (Groundball, 6)
|
Batting: RHB Mario van Heijbeeck
|
0-0: Ball 1-0: Ball 2-0: Foul Ball, location: 2F 2-1: Ball 3-1: Base on Balls
|
Batting: LHB Juan Ramírez
|
0-0: Ball Throwing error on steal attempt, E2 Mario van Heijbeeck to third 1-0: Called Strike 1-1: Ball 2-1: Foul Ball, location: 2F 2-2: Foul Ball, location: 2F 2-2: Ball 3-2: Fly out, F3 (Line Drive, 3S)
|
Bottom of the 1st over - 0 runs, 0 hits, 1 error, 1 left on base; Marquette 0 - Lake Minnetonka 0 |
TOP OF THE 2ND |
Marquette Miners batting - Pitching for Lake Minnetonka Love Boats : LHP Alejandro García
|
Batting: RHB Eli Cline
|
0-0: Ball 1-0: Fly out, F7 (Flyball, 7LS)
|
Batting: RHB Andrew Cantrell
|
0-0: Ball 1-0: Called Strike 1-1: Foul Ball, location: 2F 1-2: Ball 2-2: Strikes out looking
|
Batting: RHB Mark Keys
|
0-0: SINGLE (Flyball, 78M)
|
Batting: RHB Ryan French
|
0-0: Ball 1-0: Ball Wild Pitch! Mark Keys to second 2-0: Ball 3-0: Called Strike 3-1: Foul Ball, location: 2F 3-2: Foul Ball, location: 2F 3-2: Ground out 5-3 (Groundball, 56)
|
Top of the 2nd over - 0 runs, 1 hit, 0 errors, 1 left on base; Marquette 0 - Lake Minnetonka 0 |
BOTTOM OF THE 2ND |
Lake Minnetonka Love Boats batting - Pitching for Marquette Miners : RHP Eric Alderliesten
|
Batting: RHB Ed St. James
|
0-0: Ball 1-0: Called Strike 1-1: Ball 2-1: Ball 3-1: Base on Balls
|
Batting: LHB Matt Palmer
|
0-0: Ball Ed St. James steals 2nd base 1-0: Ball 2-0: Ball 3-0: Called Strike 3-1: Fly out, F7 (Flyball, 7)
|
Batting: RHB Francisco Guerra
|
0-0: Called Strike 0-1: Ball 1-1: Called Strike 1-2: Ball 2-2: Foul Ball, location: 2F 2-2: Ball 3-2: Base on Balls
|
Batting: RHB Hatui Haunani
|
0-0: Ball 1-0: Ball 2-0: Ball 3-0: Base on Balls Ed St. James to third Francisco Guerra to second
|
Batting: RHB Yoshii Saikawa
|
0-0: Ball 1-0: Called Strike 1-1: Swinging Strike 1-2: SINGLE (Line Drive, 56) Ed St. James scores Francisco Guerra to third Hatui Haunani to second
|
Batting: LHB Tom Haymon
|
0-0: Called Strike 0-1: Foul Ball, location: 2F 0-2: Foul Ball, location: 2F 0-2: Foul Ball, location: 2F 0-2: Foul Ball, location: 2F 0-2: Foul Ball, location: 2F 0-2: Ball 1-2: Ball 2-2: Ball 3-2: Fly out, F9 (Flyball, 89M) Runner from 3rd tags up, SCORES, no throw
|
Batting: RHB Michael Sweeney
|
0-0: Called Strike 0-1: Ball 1-1: Ball 2-1: Ground out 4-3 (Groundball, 4)
|
Bottom of the 2nd over - 2 runs, 1 hit, 0 errors, 2 left on base; Marquette 0 - Lake Minnetonka 2 |
TOP OF THE 3RD |
Marquette Miners batting - Pitching for Lake Minnetonka Love Boats : LHP Alejandro García
|
Batting: RHB Miguel Angel Montaño
|
0-0: Ball 1-0: Called Strike 1-1: SINGLE (Flyball, 7LM)
|
Batting: RHB Sameen Shaw
|
0-0: Ball 1-0: SINGLE (Groundball, 34D) Miguel Angel Montaño to second Runner from 2nd tries for 3rd, SAFE, no throw
|
Batting: RHB Asko Riikonen
|
0-0: Ball 1-0: Called Strike 1-1: Called Strike 1-2: Strikes out swinging
|
Batting: RHB Brock Dean
|
0-0: Called Strike 0-1: Ball 1-1: Ball 2-1: DOUBLE (Line Drive, 7LM) Miguel Angel Montaño scores Sameen Shaw to third Runner from 3rd tries for Home, SAFE, no throw
|
Batting: RHB Franklin Kelley
|
0-0: Swinging Strike 0-1: Ball 1-1: Ball 2-1: Ball 3-1: SINGLE (Groundball, 56D) Brock Dean to third Runner from 3rd tries for Home, SAFE, no throw
|
Batting: RHB Eli Cline
|
0-0: Ball 1-0: Called Strike 1-1: Called Strike 1-2: Ball 2-2: Strikes out swinging
|
Batting: RHB Andrew Cantrell
|
0-0: Called Strike 0-1: Ball 1-1: Ball 2-1: Called Strike Franklin Kelley steals 2nd base 2-2: Strikes out looking
|
Top of the 3rd over - 3 runs, 4 hits, 0 errors, 1 left on base; Marquette 3 - Lake Minnetonka 2 |
BOTTOM OF THE 3RD |
Lake Minnetonka Love Boats batting - Pitching for Marquette Miners : RHP Eric Alderliesten
|
Batting: RHB Mario van Heijbeeck
|
0-0: Foul Ball, location: 2F 0-1: Called Strike 0-2: Fly out, F4 (Line Drive, 4)
|
Batting: LHB Juan Ramírez
|
0-0: Called Strike 0-1: Ball 1-1: Ball 2-1: Foul Ball, location: 2F 2-2: Ball 3-2: Strikes out looking
|
Batting: RHB Ed St. James
|
0-0: DOUBLE (Line Drive, 8LXD)
|
Batting: LHB Matt Palmer
|
0-0: Foul Ball, location: 2F 0-1: Swinging Strike 0-2: Ground out 4-3 (Groundball, 4)
|
Bottom of the 3rd over - 0 runs, 1 hit, 0 errors, 1 left on base; Marquette 3 - Lake Minnetonka 2 |
TOP OF THE 4TH |
Marquette Miners batting - Pitching for Lake Minnetonka Love Boats : LHP Alejandro García
|
Batting: RHB Mark Keys
|
0-0: Called Strike 0-1: Foul Ball, location: 2F 0-2: Foul Ball, location: 2F 0-2: Strikes out swinging
|
Batting: RHB Ryan French
|
0-0: Ball 1-0: Foul Ball, location: 2F 1-1: Foul Ball, location: 2F 1-2: Ball 2-2: Fly out, F8 (Flyball, 8RM)
|
Batting: RHB Miguel Angel Montaño
|
0-0: Ball 1-0: Fly out, F8 (Flyball, 8LM)
|
Top of the 4th over - 0 runs, 0 hits, 0 errors, 0 left on base; Marquette 3 - Lake Minnetonka 2 |
BOTTOM OF THE 4TH |
Lake Minnetonka Love Boats batting - Pitching for Marquette Miners : RHP Eric Alderliesten
|
Batting: RHB Francisco Guerra
|
0-0: Ball 1-0: Ground out 1-3 (Groundball, 13S)
|
Batting: RHB Hatui Haunani
|
0-0: Ball 1-0: Fly out, F8 (Flyball, 8LXD)
|
Batting: RHB Yoshii Saikawa
|
0-0: Ball 1-0: Ball 2-0: Foul Ball, location: 2F 2-1: Ball 3-1: Base on Balls
|
Pitching: RHP Tupac Blanch
|
|
Batting: LHB Tom Haymon
|
0-0: Ball 1-0: Fly out, F9 (Flyball, 9)
|
Bottom of the 4th over - 0 runs, 0 hits, 0 errors, 1 left on base; Marquette 3 - Lake Minnetonka 2 |
TOP OF THE 5TH |
Marquette Miners batting - Pitching for Lake Minnetonka Love Boats : LHP Alejandro García
|
Batting: RHB Sameen Shaw
|
0-0: SINGLE (Flyball, 78M)
|
Batting: RHB Asko Riikonen
|
0-0: Sac Bunt - play at first, batter OUT! 1-4 Sameen Shaw to second
|
Batting: RHB Brock Dean
|
0-0: Foul Ball, location: 2F 0-1: Ball 1-1: Ground out 6-3 (Groundball, 6) Sameen Shaw to third
|
Batting: RHB Franklin Kelley
|
0-0: Ground out 5-3 (Groundball, 5L)
|
Top of the 5th over - 0 runs, 1 hit, 0 errors, 1 left on base; Marquette 3 - Lake Minnetonka 2 |
BOTTOM OF THE 5TH |
Lake Minnetonka Love Boats batting - Pitching for Marquette Miners : RHP Tupac Blanch
|
Batting: RHB Michael Sweeney
|
0-0: Ball 1-0: Foul Ball, location: 2F 1-1: Ball 2-1: Swinging Strike 2-2: Strikes out swinging
|
Batting: RHB Mario van Heijbeeck
|
0-0: Ball 1-0: Called Strike 1-1: Ball 2-1: Fly out, F8 (Flyball, 8LS)
|
Batting: LHB Juan Ramírez
|
0-0: Ball 1-0: Ball 2-0: Ball 3-0: Base on Balls
|
Batting: RHB Ed St. James
|
0-0: Fielders Choice at 2nd, 6-4 (Groundball, 6)
|
Bottom of the 5th over - 0 runs, 0 hits, 0 errors, 1 left on base; Marquette 3 - Lake Minnetonka 2 |
TOP OF THE 6TH |
Marquette Miners batting - Pitching for Lake Minnetonka Love Boats : LHP Alejandro García
|
Batting: RHB Eli Cline
|
0-0: SINGLE (Groundball, 34D)
|
Batting: RHB Andrew Cantrell
|
0-0: Bunted foul 0-1: Ball 1-1: Ball 2-1: Bunted foul 2-2: SINGLE (Groundball, 4MD) Eli Cline to second
|
Batting: RHB Mark Keys
|
0-0: Foul Ball, location: 2F 0-1: Ball 1-1: Fly out, F8 (Flyball, 8LD)
|
Batting: RHB Ryan French
|
0-0: Foul Ball, location: 2F 0-1: Ball 1-1: Ball 2-1: Ball 3-1: Base on Balls Eli Cline to third Andrew Cantrell to second
|
Batting: RHB Miguel Angel Montaño
|
0-0: Ball 1-0: Ball 2-0: Grounds into fielders choice 6-2 (Groundball, 56) Andrew Cantrell to third Ryan French to second
|
Batting: RHB Sameen Shaw
|
0-0: Ball 1-0: Ball 2-0: Foul Ball, location: 2F 2-1: Ball 3-1: Ground out 1-3 (Groundball, 13S)
|
Top of the 6th over - 0 runs, 2 hits, 0 errors, 3 left on base; Marquette 3 - Lake Minnetonka 2 |
BOTTOM OF THE 6TH |
Lake Minnetonka Love Boats batting - Pitching for Marquette Miners : RHP Tupac Blanch
|
Batting: LHB Matt Palmer
|
0-0: Ball 1-0: Ball 2-0: SINGLE (Groundball, 4M) (infield hit)
|
Batting: RHB Francisco Guerra
|
0-0: Swinging Strike 0-1: Swinging Strike 0-2: Ball Matt Palmer steals 2nd base 1-2: Foul Ball, location: 2F 1-2: Foul Ball, location: 2F 1-2: Strikes out looking
|
Batting: RHB Hatui Haunani
|
0-0: Ball 1-0: Ball 2-0: Called Strike 2-1: Ball 3-1: Base on Balls
|
Batting: RHB Yoshii Saikawa
|
0-0: Ball 1-0: Foul Ball, location: 2F 1-1: SINGLE (Line Drive, 34) Matt Palmer to third Hatui Haunani to second Runner from 3rd tries for Home, SAFE, throw made home
|
Batting: LHB Tom Haymon
|
0-0: Called Strike 0-1: Ball 1-1: Ball 2-1: Ball 3-1: Base on Balls Hatui Haunani to third Yoshii Saikawa to second
|
Batting: RHB Michael Sweeney
|
0-0: Ball 1-0: Grounds into fielders choice 6-2 (Groundball, 6) Yoshii Saikawa to third Tom Haymon to second
|
Batting: RHB Mario van Heijbeeck
|
0-0: Ball 1-0: Called Strike 1-1: Ball 2-1: Fielders Choice at 2nd, 6-4 (Groundball, 6)
|
Bottom of the 6th over - 1 run, 2 hits, 0 errors, 3 left on base; Marquette 3 - Lake Minnetonka 3 |
TOP OF THE 7TH |
Marquette Miners batting - Pitching for Lake Minnetonka Love Boats : LHP Alejandro García
|
Batting: RHB Asko Riikonen
|
0-0: Called Strike 0-1: Swinging Strike 0-2: Foul Ball, location: 2F 0-2: Ball 1-2: Ball 2-2: Foul Ball, location: 2F 2-2: Fly out, F7 (Line Drive, 7D)
|
Batting: RHB Brock Dean
|
0-0: Ball 1-0: Swinging Strike 1-1: Foul Ball, location: 2F 1-2: Ball 2-2: Strikes out swinging
|
Batting: RHB Franklin Kelley
|
0-0: Ball 1-0: Ball 2-0: Swinging Strike 2-1: Swinging Strike 2-2: Ball 3-2: Fly out, F7 (Flyball, 7S)
|
Top of the 7th over - 0 runs, 0 hits, 0 errors, 0 left on base; Marquette 3 - Lake Minnetonka 3 |
BOTTOM OF THE 7TH |
Lake Minnetonka Love Boats batting - Pitching for Marquette Miners : RHP Tupac Blanch
|
Batting: LHB Juan Ramírez
|
0-0: Ball 1-0: Called Strike 1-1: Called Strike 1-2: Foul Ball, location: 2F 1-2: Ball 2-2: Ball 3-2: Fly out, F8 (Flyball, 8LS)
|
Batting: RHB Ed St. James
|
0-0: Called Strike 0-1: SINGLE (Line Drive, 56D)
|
Batting: LHB Matt Palmer
|
0-0: Called Strike 0-1: Swinging Strike 0-2: Ground out 4-3 (Groundball, 4) Ed St. James to second
|
Batting: RHB Francisco Guerra
|
0-0: Ball 1-0: Called Strike 1-1: Ball 2-1: Called Strike 2-2: Strikes out swinging
|
Bottom of the 7th over - 0 runs, 1 hit, 0 errors, 1 left on base; Marquette 3 - Lake Minnetonka 3 |
TOP OF THE 8TH |
Marquette Miners batting - Pitching for Lake Minnetonka Love Boats : LHP Alejandro García
|
Pitching: RHP Pancho Mastache
|
|
Batting: RHB Eli Cline
|
0-0: Called Strike 0-1: Ball 1-1: Ground out 6-3 (Groundball, 6)
|
Batting: RHB Andrew Cantrell
|
0-0: Called Strike 0-1: Ball 1-1: Called Strike 1-2: Ball 2-2: Strikes out looking
|
Batting: RHB Mark Keys
|
0-0: Ball 1-0: Ball 2-0: Ball 3-0: Base on Balls
|
Batting: RHB Ryan French
|
0-0: Ball 1-0: Ball 2-0: Swinging Strike 2-1: Ball 3-1: Base on Balls Mark Keys to second
|
Pinch Hitting: RHB Steve Albright
|
0-0: Called Strike 0-1: Foul Ball, location: 2F 0-2: Ball 1-2: Strikes out swinging
|
Top of the 8th over - 0 runs, 0 hits, 0 errors, 2 left on base; Marquette 3 - Lake Minnetonka 3 |
BOTTOM OF THE 8TH |
Lake Minnetonka Love Boats batting - Pitching for Marquette Miners : RHP Tupac Blanch
|
Now at 1B: Sang-hyuk Han
|
|
Batting: RHB Hatui Haunani
|
0-0: Foul Ball, location: 2F 0-1: Called Strike 0-2: Strikes out swinging, 2-3 out at first.
|
Pinch Hitting: RHB Guillermo Carrizales
|
0-0: Ball 1-0: Swinging Strike 1-1: Ground out 1-3 (Groundball, 13)
|
Batting: LHB Tom Haymon
|
0-0: Ball 1-0: Ball 2-0: Called Strike 2-1: Ball 3-1: Base on Balls
|
Pitching: RHP Félix Santiago
|
|
Batting: RHB Michael Sweeney
|
0-0: Ball 1-0: SINGLE (Groundball, 6D) Tom Haymon to second
|
Batting: RHB Mario van Heijbeeck
|
0-0: Foul Ball, location: 2F 0-1: Ball 1-1: Ball 2-1: Ball 3-1: SINGLE (Groundball, 56) (infield hit) Tom Haymon to third Michael Sweeney to second
|
Batting: LHB Juan Ramírez
|
0-0: Called Strike 0-1: Foul Ball, location: 2F 0-2: GRAND SLAM HOME RUN (Flyball, 9LD), Distance : 361 ft
|
Pitching: RHP Jude Cordingley
|
|
Batting: RHB Ed St. James
|
0-0: Ball 1-0: Fly out, F5 (Line Drive, 56)
|
Bottom of the 8th over - 4 runs, 3 hits, 0 errors, 0 left on base; Marquette 3 - Lake Minnetonka 7 |
TOP OF THE 9TH |
Marquette Miners batting - Pitching for Lake Minnetonka Love Boats : RHP Pancho Mastache
|
Now at 3B: Mike Waddingham
|
|
Batting: RHB Sameen Shaw
|
0-0: Called Strike 0-1: Ball 1-1: Ball 2-1: Fly out, F4 (Line Drive, 4M)
|
Batting: RHB Asko Riikonen
|
0-0: Ball 1-0: Swinging Strike 1-1: Ground out 4-3 (Groundball, 4D)
|
Batting: RHB Brock Dean
|
0-0: Ball 1-0: Ball 2-0: Ball 3-0: Called Strike 3-1: Called Strike 3-2: SINGLE (Groundball, 6MD)
|
Batting: RHB Franklin Kelley
|
0-0: Foul Ball, location: 2F 0-1: Ground out 5-3 (Groundball, 5S)
|
Top of the 9th over - 0 runs, 1 hit, 0 errors, 1 left on base; Marquette 3 - Lake Minnetonka 7 |
|